 Dungeon Crawl Stone Soup version 0.20.1-1-g8b1a95d (webtiles) character file.

39 boomboom the Skirmisher (level 3, -8/33 HPs)
             Began as a Hill Orc Fighter on Nov 23, 2017.
             Mangled by Regeox's ghost (14 damage)
             ... on level 3 of the Dungeon.
             The game lasted 00:11:42 (1683 turns).

boomboom the Skirmisher (Hill Orc Fighter)          Turns: 1683, Time: 00:11:43

Health: -8/33      AC:  8    Str: 19    XL:     3   Next: 45%
Magic:  3/3        EV:  8    Int: 11    God:
Gold:   83         SH:  9    Dex: 10    Spells: 2/2 levels left

rFire    . . .     SeeInvis .   H - +0 morningstar
rCold    . . .     Gourm    .   c - +0 shield
rNeg     . . .     Faith    .   I - +0 ring mail
rPois    .         Spirit   .   (no helmet)
rElec    .         Reflect  .   (no cloak)
rCorr    .         Harm     .   e - +2 pair of gloves
MR       +....                  (no boots)
Stlth    ..........             (no amulet)
Regen    0.2/turn               s - +3 ring of intelligence
MPRegen  0.1/turn               v - ring of protection from magic

@: no status effects
A: no striking features
a: no special abilities


You were on level 3 of the Dungeon.
You were not hungry.

You visited 1 branch of the dungeon, and saw 3 of its levels.

You collected 83 gold pieces.

Inventory:

Hand Weapons
 a - a +0 war axe
 h - a +0 dagger
 m - a +0 dagger
 q - a +0 club
 u - a +0 dagger
 x - a +0 club
 y - a +0 club
 A - a +0 short sword
 B - a +0 hand axe
 E - a cursed -2 spear
 H - a +0 morningstar (weapon)
Missiles
 k - 50 stones (quivered)
 r - 6 javelins
Armour
 b - a +0 scale mail
 c - a +0 shield (worn)
 e - a +2 pair of gloves (worn)
 g - a +0 ring mail
 i - a +0 robe
 n - a cursed +0 leather armour
 p - a +0 pair of gloves
 w - a +0 robe
 z - a +2 robe of fire resistance
 F - a +0 robe
 G - a +0 ring mail
 I - a +0 ring mail (worn)
 J - a +0 ring mail
Jewellery
 s - a +3 ring of intelligence (left hand)
 v - a ring of protection from magic (right hand)
Scrolls
 D - 2 scrolls of identify {unknown}
Potions
 d - a potion of might
 j - a potion of curing {unknown}
 l - a potion of ambrosia {unknown}
 t - 3 potions of brilliance {unknown}
 C - 2 potions of degeneration {unknown}
Comestibles
 f - a bread ration
 o - 2 meat rations


   Skills:
 + Level 4.0 Fighting
 + Level 3.6 Axes
 + Level 0.2(1.8) Maces & Flails
 + Level 3.5 Armour
 + Level 0.2 Dodging
 + Level 3.7 Shields


You had 2 spell levels left.
You didn't know any spells.

Dungeon Overview and Level Annotations

Branches:
Dungeon (3/15)

Altars:

Annotations:
D:3 Regeox's ghost, amateur HOFi


Message History

Regeox's ghost is lightly damaged.
Regeox's ghost hits you!
You sock Regeox's ghost!
Regeox's ghost is heavily damaged.
You block Regeox's ghost's attack.
Regeox's ghost hits you but does no damage.
You barely miss Regeox's ghost.
Regeox's ghost is heavily damaged.
You block Regeox's ghost's attack.
You barely miss Regeox's ghost.
Regeox's ghost is heavily damaged.
Regeox's ghost completely misses you.
You barely miss Regeox's ghost.
Regeox's ghost is heavily damaged.
Regeox's ghost closely misses you. Regeox's ghost hits you!
* * * LOW HITPOINT WARNING * * *
You closely miss Regeox's ghost.
Regeox's ghost is heavily damaged.
Regeox's ghost hits you!
You die...

### #.. #.#
#.# #.#
#W#### #@...#
##########.#
#.†.....##.#
#.#####.##.#
#<....#.##.#
##.........#
###....#.####
#.....##.#
#........#


You could see Regeox's ghost.

Vanquished Creatures
  A worm (D:2)
  A dart slug (D:2)
  4 bats
  2 giant cockroaches (D:3)
  5 goblins
  4 hobgoblins
  A kobold (D:2)
  A quokka (D:3)
  5 frilled lizards
  10 rats
34 creatures vanquished.

Notes
Turn   | Place    | Note
-------+----------+-------------------------------------------
     0 | D:1      | boomboom the Hill Orc Fighter began the quest for the Orb.
     0 | D:1      | Reached XP level 1. HP: 19/19 MP: 1/1
   555 | D:1      | Reached XP level 2. HP: 18/27 MP: 2/2
  1186 | D:2      | Reached skill level 4 in Fighting
  1186 | D:2      | Reached XP level 3. HP: 32/33 MP: 3/3
  1672 | D:3      | Noticed Regeox's ghost (amateur HOFi)
  1683 | D:3      | Mangled by Regeox's ghost

Skill      XL: |  1  2 |
---------------+-------+-----
Axes           | 3 |  3.6
Fighting       | 4 |  4.0
Maces & Flails | |  0.2
Armour         | |  3.5
Dodging        | |  0.2
Shields        | |  3.7

Action                   || total
-------------------------++-------
Melee: War axe           ||    67
       Morningstar       ||    30
  Eat: Bread ration      ||     1
Armor: Ring mail         ||    72
Dodge: Dodged            ||    49
Block: Shield            ||    75
